 Dungeon Crawl Stone Soup version 0.31-a0-210-gccc998df9b (webtiles) character file.

Game seed: 11006163763606854490

105 qw the Shooter (level 4, -3/26 HPs)
             Began as a Gargoyle Hexslinger on June 29, 2023.
             Killed by divine providence
             ... invoked by an orc priest
              (9 damage)
             ... on level 3 of the Dungeon.
             The game lasted 00:00:44 (1950 turns).

qw the Shooter (Gargoyle Hexslinger)                Turns: 1950, Time: 00:00:44

Health: -3/26      AC:  8    Str: 11    XL:     4   Next: 81%
Magic:  5/5        EV: 10    Int: 14    God:
Gold:   30         SH:  0    Dex: 14    Spells: 4/5 levels left

rFire   . . .        Y - +1 sling
rCold   . . .        (no shield)
rNeg    + . .        e - +0 ring mail
rPois   inf          (no helmet)
rElec   +            (no cloak)
rCorr   +            (no gloves)
SInv    .            (no boots)
Will    .....        (no amulet)
Stlth   +            h - ring of resist corrosion
HPRegen 0.24/turn    (no ring)
MPRegen 0.09/turn

%: no passive effects
@: no status effects
A: sickness immunity, AC +3, negative energy resistance 1, electricity
resistance, torment resistance 1, petrification resistance
a: no special abilities


You were on level 3 of the Dungeon.
You visited 1 branch of the dungeon, and saw 3 of its levels.

You collected 30 gold pieces.


Innate Abilities, Weirdness & Mutations

You are immune to sickness and miasma.
Your stone body is resilient. (AC +3)
You are immune to poison.
You resist negative energy. (rN+)
You are resistant to electric shocks. (rElec)
You are resistant to unholy torment.
You are immune to petrification.


   Skills:
 - Level 2.0 Fighting
 + Level 4.1 Ranged Weapons
 - Level 1.7 Armour
 - Level 1.5 Dodging
 - Level 1.0 Spellcasting
 - Level 2.6 Hexes


You had 4 spell levels left.
You knew the following spells:

 Your Spells              Type           Power      Damage    Failure   Level
a - Slow                  Hex            32%        N/A       21%         1

Your spell library contained the following spells:

 Spells                   Type           Power      Damage    Failure   Level
 Inner Flame              Hex/Fire       4%         N/A       71%         3
 Portal Projectile        Hex/Tloc       8%         N/A       71%         3
 Cause Fear               Hex            4%         N/A       90%         4

Inventory:

Hand Weapons
 Y - a +1 sling (weapon)
Armour
 e - a +0 ring mail (worn)
Jewellery
 h - a ring of resist corrosion (left hand)
Potions
 b - a potion of haste {unknown}
 c - a potion of cancellation {unknown}
 d - a potion of curing {unknown}
 f - a potion of heal wounds {unknown}
 g - a potion of might {unknown}
 j - a potion of berserk rage {unknown}
 k - a potion of degeneration {unknown}

Dungeon Overview and Level Annotations

Branches:
Dungeon (3/15)

Altars:
Dithmenos


Message History

You shoot a sling bullet. The sling bullet barely misses the orc.
The sling bullet hits the orc.
The orc is heavily wounded.
The orc misses you.
The orc priest begins to cast a cantrip, but forgets the words!
You shoot a sling bullet. The sling bullet hits the orc!
You kill the orc!
A hobgoblin comes into view.
You shoot a sling bullet.
The sling bullet completely misses the orc.
The orc closely misses you. The orc barely misses you.
The orc hits you with a +0 hand axe.
The orc hits you with a +2 dagger of freezing.
The orc freezes you.
You shoot a sling bullet.
The sling bullet hits the orc but does no damage.
The orc is heavily wounded.
The orc hits you but does no damage. The orc completely misses you.
You shoot a sling bullet. The sling bullet hits the orc.
You kill the orc!
The orc hits you with a +2 dagger of freezing.
The orc freezes you. The orc hits you with a +0 hand axe.
The orc priest hits you but does no damage.
You shoot a sling bullet.
The sling bullet hits the orc priest but does no damage.
The orc hits you but does no damage. The orc hits you with a +0 hand axe.
The orc priest calls down the wrath of Beogh upon you.
Beogh smites you!
You shoot a sling bullet. The sling bullet hits the orc priest.
The orc priest is moderately wounded.
The orc priest hits you but does no damage.
The orc hits you but does no damage. The orc barely misses you.
The orc hits you but does no damage. The orc priest closely misses you.
The hobgoblin closely misses you. The orc barely misses you.
You shoot a sling bullet. The sling bullet hits the orc priest.
The orc priest is heavily wounded.
The orc closely misses you. The orc misses you.
The hobgoblin barely misses you.
The orc priest calls down the wrath of Beogh upon you.
Beogh smites you!
You die...

.......##
........#
........#
........# ......#
.....# # ##
#.#go#.#.#.! ...
#.#o@o...... ....
#.#.##.#....
%ยค_..####.#....#
.
.............###
###.##.....>.....
#<......#####
#..%....#
..##.....# ....
......#


You could see an orc priest, 2 orcs and a hobgoblin.

Vanquished Creatures
  Jessica (D:2)
  3 adders (D:2)
  A dart slug (D:2)
  2 orcs (D:3)
  4 ball pythons
  2 endoplasms
  2 giant cockroaches
  3 goblins
  A hobgoblin (D:1)
  3 jackals (D:1)
  3 kobolds
  2 quokkas (D:2)
  10 bats
  2 frilled lizards (D:1)
  8 rats
47 creatures vanquished.

Notes
Turn   | Place    | Note
-------+----------+-------------------------------------------
     0 | D:1      | qw the Gargoyle Hexslinger began the quest for the Orb.
     0 | D:1      | Reached XP level 1. HP: 12/12 MP: 2/2
     0 | D:1      | 0 ||| qw: Version: 0.3-a-24-g62f9e04
     0 | D:1      | 0 ||| qw: Game counter: 6666
     0 | D:1      | 0 ||| qw: Melee chars always use a shield: true
     0 | D:1      | 0 ||| qw: God list: Okawaru
     0 | D:1      | 0 ||| qw: Allow faded altars: false
     0 | D:1      | 0 ||| qw: Do Orc after clearing Dungeon:15 true
     0 | D:1      | 0 ||| qw: Do second Lair branch before Depths: true
     0 | D:1      | 0 ||| qw: Lair rune preference: random
     0 | D:1      | 0 ||| qw: Goals: Normal
     0 | D:1      | 0 ||| PLANNING D:1-11
    80 | D:1      | Reached XP level 2. HP: 15/16 MP: 3/3
    81 | D:1      | Found a faded altar of an unknown god.
   367 | D:1      | Reached skill level 3 in Ranged Weapons
   694 | D:1      | 694 ||| UPGRADING to +0 ring mail.
   704 | D:1      | 704 ||| DROPPING +0 robe.
   705 | D:1      | 705 ||| UPGRADING to ring of resist corrosion.
   706 | D:1      | 706 ||| DROPPING scroll of poison.
   770 | D:2      | Reached XP level 3. HP: 21/21 MP: 4/4
  1342 | D:2      | Reached XP level 4. HP: 23/26 MP: 5/5
  1406 | D:2      | Reached skill level 4 in Ranged Weapons
  1555 | D:2      | Noticed Jessica
  1572 | D:2      | HP: 6/26 [Jessica/nerve-wracking pain (2)]
  1578 | D:2      | Killed Jessica
  1579 | D:2      | Reached skill level 1 in Armour
  1877 | D:2      | 1877 ||| READING scroll labelled DEAKICVUMUM.
  1929 | D:3      | Found a shadowy altar of Dithmenos.
  1948 | D:3      | HP: 6/26 [orc priest/divine providence (7)]
  1950 | D:3      | Killed from afar by an orc priest

Levels and vault maps discovered:
D:1:      ncdulo_halloftheorcs, layout_basic, hellmonk_ecumenical_altar_run_dry,
          roderic_roman_lattice
D:2:      layout_basic, serial_co_window_serial, co_window_of_opportunity_a,
          co_window_paths_a, co_window_paths_b, co_window_paths_a,
          co_window_paths_a, co_window_unsneaky_path_d,
          co_window_of_opportunity_c, co_window_broadway_b, co_window_2corner,
          co_window_cross_4, co_window_2corner, uniq_jessica
D:3:      layout_basic, okawaru_gym_becter, grunt_dithmenos_smoke,
          serial_curves, eino_curves_04, eino_curves_02

Skill      XL: |  1  2  3  4 |
---------------+-------------+-----
Ranged Weapons | 3 4 |  4.1
Fighting       | 2 |  2.0
Armour         | 1 |  1.7
Dodging        | |  1.5
Spellcasting   | |  1.0
Hexes          | |  2.6

Action                     |  1- 3 |  4- 6 || total
---------------------------+-------+-------++-------
   Fire: Sling             |   118 |    67 ||   185
    Use: Scroll            |       |     1 ||     1
 Armour: Robe              |     6 |       ||     6
         Ring mail         |    29 |    16 ||    45
  Dodge: Dodged            |    46 |    29 ||    75

Table legend:
 A = Non-vault XP
 B = Vault XP
 C = Vault XP percentage of total XP
 D = Non-vault monster count
 E = Vault monster count
 F = Vault count percentage of total count
                 A         B        C        D         E       F
            +---------+---------+-------+---------+---------+-------
      Total |     113 |      37 |  24.7 |      46 |       1 |   2.1
            +---------+---------+-------+---------+---------+-------
        D:1 |      33 |       0 |   0.0 |      22 |       0 |   0.0
        D:2 |      71 |      37 |  34.3 |      20 |       1 |   4.8
        D:3 |       9 |       0 |   0.0 |       4 |       0 |   0.0
            +---------+---------+-------+---------+---------+-------
